 Dungeon Crawl Stone Soup version 0.29.1-15-g9cfb28693d (webtiles) character file.

Game seed: 3573439245247041297

102 Cheops the Poker (level 4, 0/49 HPs)
             Began as a Merfolk Gladiator on Mar 27, 2023.
             Slain by a gnoll
             ... wielding a +0 spear
             ... led by a gnoll bouda
              (4 damage)
             ... on level 4 of the Dungeon.
             The game lasted 00:05:30 (3764 turns).

Cheops the Poker (Merfolk Gladiator)                Turns: 3764, Time: 00:05:30

Health: 0/49       AC: 26    Str: 14 (16) XL:     4   Next: 77%
Magic:  4/4        EV: -1    Int:  4 (7)  God:
Gold:   189        SH:  0    Dex: 11 (13) Spells: 3/3 levels left

rFire   . . .      SeeInvis +   a - +0 trident
rCold   . . .      Faith    .   (no shield)
rNeg    . . .      Spirit   .   (body armour currently unavailable)
rPois   +          Reflect  .   (helmet currently unavailable)
rElec   .          Harm     .   (cloak currently unavailable)
rCorr   .          Rampage  .   (gloves currently unavailable)
Will    .....      Clarity  +   (boots currently unavailable)
Stlth   +......... NoTele   +   (no amulet)
HPRegen 0.16/turn               h - ring of see invisible
MPRegen 0.09/turn               t - +4 ring of protection

@: tree-form, weakened, constricted
A: stationary, stasis, torment immunity, boosted hp, (nimble swimmer 2),
(mertail), clarity, clumsy 1, (fire resistance 1)
a: no special abilities


You were on level 4 of the Dungeon.
You were a tree.
You visited 1 branch of the dungeon, and saw 4 of its levels.

You collected 189 gold pieces.

Inventory:

Hand Weapons
 a - a +0 trident (weapon)
 w - a +0 halberd
Missiles
 d - 3 throwing nets (quivered)
 e - 4 javelins
Armour
 b - a +0 leather armour
 c - a +0 helmet (melded)
 o - a +0 chain mail (melded)
Jewellery
 g - a ring of resist corrosion
 h - a ring of see invisible (left branch)
 t - a +4 ring of protection (right branch)
Wands
 u - a wand of polymorph (10)
Scrolls
 f - 2 scrolls of enchant weapon {unknown}
 k - a scroll of vulnerability {unknown}
 l - 2 scrolls of silence {unknown}
 m - 2 scrolls of identify {unknown}
 n - a scroll of fear {unknown}
 r - 2 scrolls of teleportation {unknown}
 s - a scroll of enchant armour {unknown}
 x - a scroll of immolation {unknown}
 y - a scroll of summoning {unknown}
 B - a scroll of acquirement {unknown}
Potions
 i - a potion of attraction {unknown}
 j - a potion of lignification
 p - a potion of degeneration
 q - a potion of heal wounds {unknown}
 v - 2 potions of curing
 z - a potion of might {unknown}


   Skills:
 - Level 2.1 Fighting
 + Level 7.1 Polearms
 - Level 2.0 Throwing
 - Level 4.0 Dodging


You had 3 spell levels left.
You didn't know any spells.
Your spell library contained the following spells:

 Spells                   Type           Power      Damage    Failure   Level
 Foxfire                  Conj/Fire      0%         2x1d4     50%         1
 Conjure Flame            Conj/Fire      0%         6-21      86%         3
 Inner Flame              Hex/Fire       0%         N/A       86%         3
 Flame Wave               Conj/Fire      0%         2d4       99%         4


Dungeon Overview and Level Annotations

Branches:
Dungeon (4/15)
 Temple: D:4-7

Altars:
Cheibriados

Annotations:
D:3 necrophage, Terence


Innate Abilities, Weirdness & Mutations

You are a tree.
Your roots penetrate the ground, keeping you stationary.
You cannot be teleported.
You are immune to unholy pain and torment.
Your maximum health is greatly increased.
Your equipment is partially melded.
((You are very nimble when in or above water. (Stealth+, EV+, Speed+++)))
((Your lower body shifts to a powerful aquatic tail in water.))
You possess an exceptional clarity of mind.
You are clumsy. (Dex -2)
((Your flesh is heat resistant. (rF+)))


Message History

The gnoll hits you but does no damage. x2
The gnoll bouda hits you with a +0 whip.
* * * LOW HITPOINT WARNING * * *
The ball python bites you but does no damage.
The ball python constricts you.
It was a potion of degeneration.
There was something very wrong with that liquid.
You feel weakened.
You feel dopey.
You feel clumsy.
The gnoll hits you but does no damage. x2
The gnoll bouda hits you but does no damage.
The ball python bites you but does no damage.
The ball python constricts you. The worm bites you.
* * * LOW HITPOINT WARNING * * *
It was a potion of curing.
You feel better. The gnoll hits you with a +0 whip.
* * * LOW HITPOINT WARNING * * *
The ball python bites you but does no damage.
The ball python constricts you.
The gnoll bouda hits you but does no damage.
The gnoll hits you but does no damage. The worm bites you but does no damage.
Okay, then.
You hit the worm. Your punch misses the worm.
The worm is moderately wounded.
The ball python bites you but does no damage.
The ball python constricts you.
The gnoll hits you but does no damage. x2
The gnoll bouda hits you but does no damage.
You hit the worm.
The worm is heavily wounded.
The ball python bites you but does no damage.
The ball python constricts you. The gnoll hits you but does no damage.
The gnoll hits you from afar with a +0 spear.
* * * LOW HITPOINT WARNING * * *
The gnoll bouda hits you but does no damage.
The worm bites you but does no damage.
The ball python bites you but does no damage.
The ball python constricts you.
It was a potion of mutation.
You feel extremely strange.
You feel resistant to heat.
You feel clumsy.
Your thoughts seem clearer.
The gnoll hits you but does no damage.
The gnoll hits you from afar with a +0 spear.
You die...

..#. #.. #.#
#.##########†#
#.......g....###.
########gg.ggg.g#
####g#######.#
#.)gSg...#
#.##♣###.# # #w#
#.# #.# #.. ..#
... ... #...


You could see a gnoll bouda, a worm, 5 gnolls and a ball python.

Vanquished Creatures
  3 adders (D:2)
  3 worms
  A dart slug (D:1)
  8 ball pythons
  4 bats
  5 endoplasms
  5 giant cockroaches
  5 goblins
  5 hobgoblins
  6 jackals
  4 kobolds
  A quokka (D:1)
  4 frilled lizards
  3 rats (D:1)
57 creatures vanquished.

Notes
Turn   | Place    | Note
-------+----------+-------------------------------------------
     0 | D:1      | Cheops the Merfolk Gladiator began the quest for the Orb.
     0 | D:1      | Reached XP level 1. HP: 16/16 MP: 1/1
   388 | D:1      | Reached XP level 2. HP: 22/22 MP: 2/2
   532 | D:1      | Reached skill level 5 in Polearms
  1045 | D:1      | Reached XP level 3. HP: 27/27 MP: 3/3
  1522 | D:2      | Reached skill level 6 in Polearms
  1827 | D:2      | Reached XP level 4. HP: 20/33 MP: 4/4
  2919 | D:3      | Reached skill level 7 in Polearms
  3068 | D:3      | Found a faded altar of an unknown god.
  3137 | D:3      | Noticed Terence
  3444 | D:3      | Found a snail-covered altar of Cheibriados.
  3699 | D:3      | Noticed a necrophage
  3760 | D:4      | HP: 2/49 [worm (6)]
  3764 | D:4      | Gained mutation: Your flesh is heat resistant. (rF+)
                  | [potion of mutation]
  3764 | D:4      | Gained mutation: You are clumsy. (Dex -2) [potion of
                  | mutation]
  3764 | D:4      | Gained mutation: You possess an exceptional clarity of
                  | mind. [potion of mutation]
  3764 | D:4      | Slain by a gnoll

Illustrated notes

Levels and vault maps discovered:
D:1:      minmay_arrival_four_houses, layout_basic
D:2:      layout_loops_corners, dreamdust_mushroom_princess,
          hangedman_abyss_or_decor_stabs, minmay_tripent
D:3:      layout_basic, nicolae_overflow_crystal_walls,
          hellmonk_ecumenical_altar_zigzags, corexii_shack, uniq_terence
D:4:      layout_loops_ring, mainiacjoe_overflow_boulevard,
          minmay_misc_feat_rugged, ebering_dispersal_statue_hall

Skill      XL: |  1  2  3  4 |
---------------+-------------+-----
Polearms       | 5 6 7 |  7.1
Fighting       | |  2.1
Throwing       | |  2.0
Dodging        | |  4.0

Action                   |  1- 3 |  4- 6 || total
-------------------------+-------+-------++-------
Melee: Trident           |   113 |   104 ||   217
  Use: Potion            |       |     4 ||     4
 Stab: Sleeping          |     2 |       ||     2
Armor: Leather armour    |     8 |       ||     8
       Chain mail        |    28 |    45 ||    73
       Skin              |       |    21 ||    21
Dodge: Dodged            |    56 |    33 ||    89
